 Dungeon Crawl Stone Soup version 0.19-a0-1468-ge013c26 (webtiles) character file.

32 LORDOFBUTT the Skirmisher (level 3, -1/20 HPs)
             Began as a Vine Stalker Berserker on Sept 7, 2016.
             Was a Follower of Trog.
             Slain by a worm (3 damage)
             ... on level 2 of the Dungeon.
             The game lasted 00:01:14 (889 turns).

LORDOFBUTT the Skirmisher (Vine Stalker Berserker)   Turns: 889, Time: 00:01:15

Health: -1/20      AC:  5    Str: 19    XL:     3   Next: 27%
Magic:  0/4        EV:  9    Int:  7    God:    Trog [*.....]
Gold:   123        SH:  0    Dex: 14    Spells: 0 memorised, 2 levels left

rFire  . . .     SeeInvis .     a - +1 mace
rCold  . . .     Gourm    .     b - +0 animal skin
rNeg   . . .     Faith    .     (no shield)
rPois  .         Spirit   +     (no helmet)
rElec  .         Dismiss  .     l - +2 cloak
rCorr  .         Reflect  .     (no gloves)
MR     .....     Harm     .     (no boots)
Stlth  ++........               (no amulet)
                                (no ring)
                                (no ring)

@: constricted
A: fangs 2, magic shield, antimagic bite, no device heal 3, rot immunity
a: Berserk, Burn Spellbooks, Renounce Religion


You were on level 2 of the Dungeon.
You worshipped Trog.
Trog was aware of your devotion.
You were not hungry.

You visited 1 branch of the dungeon, and saw 2 of its levels.

You collected 123 gold pieces.

Inventory:

Hand Weapons
 a - a +1 mace (weapon)
Armour
 b - a +0 animal skin (worn)
 l - a +2 cloak (worn)
Scrolls
 f - a scroll of immolation
 i - a scroll of fog {unknown}
 j - 2 scrolls of identify {unknown}
 o - a scroll of blinking {unknown}
Potions
 g - a potion of curing
 k - a potion of brilliance {unknown}
 p - a potion of agility {unknown}
Comestibles
 c - a bread ration
 d - 2 fruits
 h - a meat ration


   Skills:
 + Level 3.2 Fighting
 + Level 3.1 Maces & Flails
 + Level 1.7 Armour
 + Level 1.7 Dodging
 + Level 0.6 Stealth


You had 2 spell levels left.
You didn't know any spells.

Dungeon Overview and Level Annotations

Branches:
Dungeon (2/15)

Altars:


Innate Abilities, Weirdness & Mutations

You have extremely sharp teeth.
When hurt, damage is shared between your health and your magic reserves.
Your bite disrupts and absorbs the magic of your enemies.
Potions and wands cannot restore your health.
You are immune to rotting.


Message History

The creatures around you are filled with an inner flame!
It was a scroll of immolation.
The ball python moves out of view.
You see here a stone.
Okay, then.
As you read the scroll labeled QOAWURO SOAMN, it crumbles to dust.
You feel aware of your surroundings.
You sensed 1 altar.
It was a scroll of magic mapping.
The ball python barely misses you. The ball python grabs you.
* * * LOW HITPOINT WARNING * * *
The ball python constricts you.
As you read the scroll labeled HAEKAUXTYI, it crumbles to dust.
It is a scroll of enchant weapon.
Your +0 mace glows red for a moment.
The worm bites you but does no damage.
The ball python bites you but does no damage.
The ball python constricts you.
As you read the scroll labeled UJYLON JIDIDO, it crumbles to dust.
You feel blessed for a moment.
It was a scroll of remove curse.
The ball python barely misses you. The ball python constricts you.
The worm bites you.
You die...

******,,,**,,,,,,*8,,,,,8**#.....
****,,,**,,,,,,**,,,,,**,#.....
*,,,,,***,,,,,,**8,,,8*#.#.)..(
***,***,*********##...?.##.#.....
,,,,,,,,,,,,,,,,,#8.....8#.......
***,*+**###########.....##.......
,,,,,,,*#....<...##8...8###......
**,,,,,*#......K(#*##>##*#.......
,*,,,,,*#......w@##########(.####
,*,,,,,*#......S.................
,+,,,,,*#.......?..........#.##..
**,,,,,*#.............######..#..
*,,,,,,..............+,..###.#..
*,,,,,,..............#*#.# #.#..
**,,,,,,.........###### #.# #....
,,,,,,,,,###....## #.# ##...
,,,,,,,,,* #....* ###.# #...


You could see a worm (inner flame), a ball python (inner flame) and a kobold
(inner flame).

Vanquished Creatures
  3 worms (D:2)
  3 bats
  A giant cockroach (D:1)
  2 goblins
  4 hobgoblins
  2 jackals (D:1)
  3 giant newts (D:1)
  3 kobolds (D:1)
  3 rats (D:1)
24 creatures vanquished.

Notes
Turn   | Place    | Note
-------+----------+-------------------------------------------
     0 | D:1      | LORDOFBUTT the Vine Stalker Berserker began the quest for the Orb.
     0 | D:1      | Reached XP level 1. HP: 11/11 MP: 2/2
    75 | D:1      | Reached XP level 2. HP: 13/16 MP: 3/3
   601 | D:2      | Reached XP level 3. HP: 10/20 MP: 2/4
   889 | D:2      | Slain by a worm

Vault maps used:
D:1:      dpeg_arrival_orchard
D:2:      nicolae_overflow_hidden_temple, first_bread, uniq_crazy_yiuf_cottage

Skill      XL: |  1  2  3 |
---------------+----------+-----
Fighting       | 3 |  3.2
Maces & Flails | 3 |  3.1
Armour         | |  1.7
Dodging        | |  1.7
Stealth        | |  0.6

Action                   || total
-------------------------++-------
Melee: Mace              ||    56
       Bite              ||    15
  Use: Potion            ||     1
       Scroll            ||     4
 Stab: Sleeping          ||     1
Armor: Animal skin       ||    25
Dodge: Dodged            ||    56
